 Dungeon Crawl Stone Soup version 0.27-a0-1202-ge72e49191c (webtiles) character file.

Game seed: 1277866597972685478

14255 mordus the Thaumaturge (level 12, -17/89 HPs)
             Began as a Djinni Earth Elementalist on June 1, 2021.
             Was a Follower of Yredelemnul.
             Demolished by a two-headed ogre
             ... wielding a +0 giant club
              (18 damage)
             ... on level 11 of the Dungeon on June 2, 2021.
             The game lasted 01:22:47 (12832 turns).

mordus the Thaumaturge (Djinni Earth Elementalist) Turns: 12832, Time: 01:22:47

Health: -17/89     AC: 14    Str: 13    XL:     12   Next: 42%
Gold:   572        EV: 13    Int: 22    God:    Yredelemnul [*.....] SH:  5 Dex: 20

rFire    + + +     SeeInvis .   w - +2 quarterstaff (chaos)
rCold    . . .     Faith    .   (shield currently unavailable)
rNeg     . . .     Spirit   .   M - +2 robe {rC+ rF+}
rPois    ∞         Reflect  +   q - +2 helmet
rElec    .         Harm     .   x - +2 cloak {rCorr}
rCorr    +         Rampage  .   g - +2 pair of gloves
Will     +....                  (boots unavailable)
Stlth    ++........             j - amulet of reflection
HPRegen  0.24/turn              e - +6 ring of dexterity
MPRegen  0.00/turn              z - +6 ring of strength

@: flying
A: sickness immunity, fire resistance 2, cold vulnerability 1, float, innate
caster, hp casting, extra vitality 1
a: Renounce Religion, Animate Remains


You were on level 11 of the Dungeon.
You worshipped Yredelemnul.
Yredelemnul was aware of your devotion.
You visited 1 branch of the dungeon, and saw 13 of its levels.

You collected 840 gold pieces.
You spent 268 gold pieces at shops.

Inventory:

Hand Weapons
 s - a +0 dagger of speed
 w - a +2 quarterstaff of chaos (weapon)
Missiles
 b - 109 stones
 H - 2 throwing nets
 N - 8 atropa-tipped darts
Armour
 c - a +2 robe of cold resistance
 f - a +2 kite shield of reflection
 g - a +2 pair of gloves (worn)
 q - a +2 helmet (worn)
 t - the +8 orange crystal plate armour {Archmagi, Int+3 Clar}
   (You acquired it on level 8 of the Dungeon)

   It affects your intelligence (+3).
   It protects you against confusion.
 x - a +2 cloak of preservation (worn)
 F - the +1 leather armour of the Stars {rElec Dex+4 SInv}
   (You found it on level 9 of the Dungeon)

   It affects your dexterity (+4).
   It insulates you from electricity.
   It lets you see invisible.
 I - a +2 robe of positive energy
 J - a +1 cloak
 M - a +2 robe of resistance (worn)
 P - a +0 troll leather armour
 T - +0 swamp dragon scales
Magical Staves
 Q - a staff of fire
Jewellery
 e - a +6 ring of dexterity (left hand)
 j - an amulet of reflection (around neck)
 l - an amulet of the acrobat
 z - a +6 ring of strength (right hand)
 L - a ring of fire
 O - a ring of willpower
Wands
 a - a wand of paralysis (7)
 u - a wand of polymorph (29)
 D - a wand of charming (11)
 K - a wand of flame (20)
 U - a wand of mindburst (20)
Scrolls
 h - 2 scrolls of blinking
 k - 2 scrolls of fog
 m - a scroll of enchant armour
 r - 5 scrolls of identify
 y - a scroll of teleportation
 C - 2 scrolls of magic mapping
 S - a scroll of torment {unknown}
Potions
 d - 2 potions of berserk rage
 i - a potion of invisibility
 n - 3 potions of flight
 o - a potion of brilliance {unknown}
 p - 2 potions of lignification {unknown}
 v - a potion of magic {unknown}
 A - a potion of heal wounds {unknown}
 B - a potion of haste {unknown}
 E - a potion of mutation {unknown}
 G - 2 potions of degeneration {unknown}
 R - a potion of curing


   Skills:
 + Level 9.2 Fighting
 + Level 8.1 Staves
 + Level 5.6 Armour
 - Level 2.2 Dodging
 - Level 2.6 Stealth
 * Level 10.4 Spellcasting
 + Level 0.8 Invocations
 + Level 0.8 Evocations


You had 3 spell levels left.
You knew the following spells:

 Your Spells              Type           Power      Damage    Failure   Level
a - Sandblast             Erth           100%       2d20      1%          1
b - Passwall              Tmut/Erth      45%        N/A       1%          2
c - Stone Arrow           Conj/Erth      100%       3d13      1%          3
d - Petrify               Tmut/Erth      55%        N/A       1%          4
e - Lee's Rapid Deconstr  Erth           27%        3d16*     2%          5
f - Corona                Hex            61%        N/A       1%          1
g - Wereblood             Tmut           55%        N/A       1%          2
h - Summon Guardian Gole  Hex/Summ       55%        N/A       1%          3
i - Vampiric Draining     Necr           27%        2d9       1%          3
j - Fulminant Prism       Conj/Hex       27%        3d14      1%          4
Your spell library was empty.

Dungeon Overview and Level Annotations

Branches:
Dungeon (13/15)            Temple (0/1) D:4            Lair (0/6) D:8
    Orc: D:9-12      Vaults: D:13-14

Altars:
Gozag
Kikubaaqudgha
Nemelex Xobeh
Okawaru
Wu Jian
Xom
Yredelemnul
Zin
The Shining One

Shops:
D:1 ?   D:2 ?   D:6 [   D:9 ===[:

Portals:
Trove: D:10 (give +4 ice dragon scales)


Innate Abilities, Weirdness & Mutations

You are immune to sickness and miasma.
You are immune to poison.
Your flesh is very heat resistant. (rF++)
You are vulnerable to cold. (rC-)
You float through the air rather than walking.
You learn spells naturally, not from books.
Your magical power is your life essence.
You have superior vitality. (+4 HP)


Message History

Aim: a warg (heavily wounded)
You draw life force from the warg!
You feel life coursing into your body. The warg bites you but does no damage.
The warg misses you.
Casting: Vampiric Draining (safe; 1% risk of failure)
Confirm with . or Enter, or press ? or * to list all spells.
Aiming: Vampiric Draining (safe; 1% risk of failure)
Press: ? - help, Shift-Dir - straight line, f/p - warg
Aim: a warg (severely wounded)
You draw life force from the warg.
You feel life coursing into your body. The warg bites you.
Casting: Vampiric Draining (safe; 1% risk of failure)
Confirm with . or Enter, or press ? or * to list all spells.
Aiming: Vampiric Draining (safe; 1% risk of failure)
Press: ? - help, Shift-Dir - straight line, f/p - warg
Aim: a warg (almost dead)
You draw life force from the warg!
You kill the warg!
Yredelemnul accepts your kill.
You feel life coursing into your body.
Casting: Vampiric Draining (safe; 1% risk of failure)
Confirm with . or Enter, or press ? or * to list all spells.
Aiming: Vampiric Draining (safe; 1% risk of failure)
Press: ? - help, Shift-Dir - straight line, f - two-headed ogre
Aim: a two-headed ogre, wielding two +0 giant clubs You draw life force from the two-headed ogre!
You feel life coursing into your body!
The two-headed ogre hits you with a +0 giant club! x2
* * * LOW HITPOINT WARNING * * *
Casting: Vampiric Draining (safe; 1% risk of failure)
Confirm with . or Enter, or press ? or * to list all spells.
Aiming: Fulminant Prism (mildly dangerous; 1% risk of failure)
Press: ? - help, Dir - move target, p - two-headed ogre You conjure a prism of explosive energy!
* * * LOW HITPOINT WARNING * * *
A fulminant prism comes into view.
The two-headed ogre hits you with a +0 giant club!!
* * * LOW HITPOINT WARNING * * *
The two-headed ogre hits you with a +0 giant club!!
You die...
Your body rises from the dead as a mindless zombie.

##.........# ##..######....#
#....####.#####.###.........
##...........##....#.....####
#####........<...##....#.....#
......>..........##..........#
##...##..........##.....#....#
......#..........##....##....#
......#######.##O##..........#
......##......##@......##....#
................*......##....#
#####................(.##....#
##.............##..#######
#####.............###.##
.........###.#........#########
.....#...# #...#..............##
#####...##........#......)...[.##
###.......#.##.................#


You could see a two-headed ogre (ally target) and a friendly fulminant prism.

Vanquished Creatures
  Josephine (D:10)
  Harold (D:8)
  Erica (D:10)
  A two-headed ogre (D:11)
  An unseen horror (D:13)
  3 trolls (D:10)
  4 slime creatures (D:13)
  A meliai zombie (D:11)
  2 wyverns
  A vampire (D:9)
  A water elemental (D:11)
  11 yaks
  6 wraiths (D:10)
  A shadow (D:10)
  Edmund (D:5)
  3 wargs (D:11)
  2 acid dragons
  A water moccasin (D:7)
  An ice beast (D:6)
  A sky beast (D:6)
  2 black bears
  A hornet zombie (D:6)
  6 orc warriors
  2 necrophages (D:6)
  3 ogres
  9 centaurs
  A phantom (D:7)
  A kobold brigand (D:9)
  4 bullfrogs
  2 gnoll sergeants
  5 scorpions
  A water moccasin skeleton (D:5)
  6 killer bees (D:9)
  4 howler monkeys
  A wight (D:6)
  A bullfrog zombie (D:5)
  5 centaur zombies
  A centaur skeleton (D:5)
  3 jellies
  Crazy Yiuf (D:4)
  4 bullfrog skeletons (D:6)
  5 hounds
  An orc priest (D:5)
  Jessica (D:3)
  3 iguanas
  12 orc wizards
  A killer bee zombie (D:8)
  12 gnolls
  A howler monkey skeleton (D:7)
  A river rat (D:4)
  8 adders
  2 shadow imps (D:7)
  2 white imps
  An ufetubus (D:5)
  An adder zombie (D:4)
  A worm (D:4)
  25 orcs
  3 bats
  7 endoplasms
  5 giant cockroaches
  10 goblins
  11 hobgoblins
  4 jackals (D:2)
  3 quokkas
  7 ball pythons
  4 frilled lizards (D:3)
  14 kobolds
  4 rats
256 creatures vanquished.

Vanquished Creatures (others)
  Maggie (D:10)
  An orc (D:5)
  18 fulminant prisms
  5 fungi (D:8)
  4 plants (D:8)
29 creatures vanquished.

Grand Total: 285 creatures vanquished

Notes
Turn   | Place    | Note
-------+----------+-------------------------------------------
     0 | D:1      | mordus the Djinni Earth Elementalist began the quest for
                  | the Orb.
     0 | D:1      | Reached XP level 1. HP: 15/15 MP: 0/0
   428 | D:1      | You are sucked into a shaft and drop 1 floor!
   483 | D:2      | Found Unasage's Magic Scroll Boutique.
   568 | D:2      | Reached XP level 2. HP: 15/21 MP: 0/0
   856 | D:1      | Found a faded altar of an unknown god.
   860 | D:1      | Found Yczuatt's Magic Scroll Emporium.
   865 | D:1      | Reached XP level 3. HP: 23/26 MP: 0/0
   865 | D:1      | Learned a level 1 spell: Corona
  1020 | D:1      | Reached skill level 3 in Spellcasting
  1807 | D:2      | Reached skill level 1 in Fighting
  1873 | D:3      | Noticed Jessica
  1876 | D:3      | Killed Jessica
  1877 | D:3      | Reached XP level 4. HP: 29/32 MP: 0/0
  2288 | D:3      | Found an opulent altar of Gozag.
  2426 | D:3      | Reached XP level 5. HP: 36/37 MP: 0/0
  2426 | D:3      | Learned a level 2 spell: Wereblood
  2750 | D:4      | Found a runed translucent door.
  2751 | D:4      | Noticed Crazy Yiuf
  2759 | D:4      | Killed Crazy Yiuf
  3016 | D:4      | Noticed a black bear
  3022 | D:4      | Killed a black bear
  3023 | D:4      | Reached skill level 1 in Staves
  3023 | D:4      | Reached skill level 4 in Spellcasting
  3023 | D:4      | Reached XP level 6. HP: 36/45 MP: 0/0
  3130 | D:4      | Found a staircase to the Ecumenical Temple.
  3146 | D:4      | Noticed an ogre
  3150 | D:4      | Killed an ogre
  3271 | D:4      | Found a shimmering altar of Xom.
  3276 | D:4      | Reached XP level 7. HP: 48/49 MP: 0/0
  3276 | D:4      | Learned a level 3 spell: Summon Guardian Golem
  3704 | D:5      | Entered Level 5 of the Dungeon
  3764 | D:5      | Noticed Edmund
  3772 | D:5      | Killed Edmund
  3773 | D:5      | Reached skill level 5 in Spellcasting
  3793 | D:5      | Reached XP level 8. HP: 41/58 MP: 0/0
  4017 | D:5      | Found a glowing golden altar of the Shining One.
  5219 | D:6      | Reached skill level 6 in Spellcasting
  5398 | D:6      | Reached XP level 9. HP: 51/64 MP: 0/0
  5398 | D:6      | Learned a level 3 spell: Vampiric Draining
  5483 | D:6      | Reached skill level 5 in Fighting
  5927 | D:6      | Reached skill level 7 in Spellcasting
  6066 | D:6      | Found Yhapt's Antique Armour Shoppe.
  6073 | D:6      | Bought a glowing robe for 88 gold pieces
  6073 | D:6      | Bought a glowing cloak for 180 gold pieces
  6578 | D:7      | Reached skill level 5 in Staves
  6914 | D:7      | Identified the Grimoire of Blistering Changing
  7141 | D:8      | Reached XP level 10. HP: 44/72 MP: 0/0
  7392 | D:8      | Reached skill level 8 in Spellcasting
  8005 | D:8      | Found a sparkling altar of Nemelex Xobeh.
  8006 | D:8      | Identified a scroll of acquirement
  8006 | D:8      | Acquired the +8 orange crystal plate armour {Archmagi,
                  | Int+3 Clar}
  8007 | D:8      | Found the +8 orange crystal plate armour {Archmagi, Int+3
                  | Clar}
  8140 | D:8      | Found a staircase to the Lair.
  8315 | D:9      | Found Quojyarph's Jewellery Shop.
  8330 | D:9      | Reached skill level 1 in Armour
  9117 | D:9      | Found Hais's Jewellery Boutique.
  9181 | D:9      | Identified the +1 leather armour of the Stars {rElec Dex+4
                  | SInv}
  9183 | D:9      | Found Biez's Jewellery Emporium.
  9412 | D:9      | Reached XP level 11. HP: 48/79 MP: 0/0
  9412 | D:9      | Learned a level 4 spell: Fulminant Prism
  9712 | D:9      | Upgraded the game from 0.27-a0-1200-g94dc6ad4cf to
                  | 0.27-a0-1202-ge72e49191c
  9742 | D:9      | Found Yqyfuext's Antique Armour Shop.
  9749 | D:9      | Found Inaysyts's Book Shop.
  9775 | D:9      | Noticed Harold
  9814 | D:8      | Killed Harold
  9815 | D:8      | Reached skill level 9 in Spellcasting
 10202 | D:10     | Entered Level 10 of the Dungeon
 10203 | D:10     | Found an iron altar of Okawaru.
 10282 | D:10     | Noticed Maggie
 10691 | D:10     | Found a basalt altar of Yredelemnul.
 10696 | D:10     | Found a glowing silver altar of Zin.
 10699 | D:10     | Found an ornate altar of the Wu Jian Council.
 10715 | D:10     | Became a worshipper of Yredelemnul the Dark
 10842 | D:10     | You are sucked into a shaft and drop 3 floors!
 11358 | D:10     | Killed Maggie
 11502 | D:10     | Noticed Josephine
 11517 | D:10     | Killed Josephine
 11530 | D:10     | Reached skill level 10 in Spellcasting
 11530 | D:10     | Reached XP level 12. HP: 26/88 MP: 0/0
 11819 | D:10     | Found a portal to a secret trove of treasure.
 11869 | D:11     | Noticed Erica
 11883 | D:10     | Killed Erica
 11884 | D:10     | Reached skill level 5 in Armour
 12605 | D:11     | Noticed a two-headed ogre
 12612 | D:11     | Killed a two-headed ogre
 12673 | D:11     | Reached * piety under Yredelemnul
 12676 | D:11     | Noticed a two-headed ogre
 12676 | D:11     | You are sucked into a shaft and drop 1 floor!
 12832 | D:11     | HP: 1/89 [two-headed ogre/+0 giant club (23)]
 12832 | D:11     | Demolished by a two-headed ogre

Illustrated notes

Levels and vault maps discovered:
D:1:      sevenhm_arrival_forest_fort_large_3, layout_rooms,
          hellmonk_ecumenical_altar_lost_god, serial_shops, shop
D:2:      layout_basic, serial_shops, nicolae_shop_window_shopping,
          minmay_pentomino_t2
D:3:      cheibrodos_greedy_goblins, layout_basic,
          nicolae_overflow_hidden_temple, supply_closet_lemuel,
          minmay_box_of_dots, uniq_jessica
D:4:      layout_rooms, old_standard_altar, minmay_temple_entry_statues_pillars,
          gup_sewer_entry_bubbles, uniq_crazy_yiuf_cottage
D:5:      layout_basic, marbit_many_paths, grunt_ministairs_11, uniq_edmund
D:6:      minmay_octagon_keep, layout_loops_ring, serial_shops,
          nicolae_shop_crystal
D:7:      layout_rooms
D:8:      layout_rooms, lemuel_tele_altar, grunt_lair_entry_orc_guard_hut,
          roderic_malta_cross, corner_web_ring
D:9:      layout_rooms, serial_shops, shop, shop, nicolae_shop_crystal, shop,
          shop, uniq_harold
D:10:     layout_rooms, okawaru_trees_1, grunt_temple_overflow_cloverleaf,
          enter_trove_2, uniq_maggie, uniq_josephine
D:11:     layout_rooms, nooodl_orcs_dogs, uniq_erica
D:12:     layout_irregular_city, zombieorc1_lemuel, kennysheep_small_square
D:13:     layout_irregular_city

Skill      XL: |  1  2  3  4  5  6  7  8  9 10 11 12 |
---------------+-------------------------------------+-----
Stealth        | 2 |  2.6
Spellcasting   | 3 4 5 6 7 8 10 | 10.4
Fighting       | 1 2 3 4 6 7 8 9 |  9.2
Staves         | 1 2 3 5 6 7 8 |  8.1
Armour         | 2 4 5 |  5.6
Dodging        | |  2.2
Invocations    | |  0.8
Evocations     | |  0.8

Action                   |  1- 3 |  4- 6 |  7- 9 | 10-12 || total
-------------------------+-------+-------+-------+-------++-------
Melee: Dagger            |    18 |     1 |       |       ||    19
       Quarterstaff      |       |       |    25 |    23 ||    48
 Cast: Sandblast         |    38 |    62 |   139 |    72 ||   311
       Passwall          |     2 |       |       |       ||     2
       Stone Arrow       |       |     2 |    24 |   137 ||   163
       Summon Guardian G |       |       |     1 |     3 ||     4
       Lee's Rapid Decon |       |       |     1 |     1 ||     2
       Fulminant Prism   |       |       |       |    19 ||    19
       Vampiric Draining |       |       |       |    10 ||    10
       Corona            |       |       |       |     1 ||     1
       Petrify           |       |       |       |     1 ||     1
  Use: Scroll            |       |       |       |    17 ||    17
       Potion            |       |       |       |     4 ||     4
 Stab: Sleeping          |     4 |       |       |       ||     4
       Petrified         |       |       |       |     7 ||     7
Armor: Robe              |     1 |     8 |    20 |    56 ||    85
Dodge: Dodged            |    19 |    29 |    38 |    69 ||   155
Block: Other             |     1 |     8 |    16 |    34 ||    59
       Reflection        |       |       |       |     9 ||     9

Table legend: (Time is in decaauts)
 A = Elapsed time spent in this place.
 B = Non-inter-level travel time spent in this place.
 C = Inter-level travel time spent in this place.
 D = Time resting spent in this place.
 E = Time spent auto-exploring this place.
 F = Levels seen in this place.
 G = Mean time per level.
                   A        B        C        D        E       F      G
               +--------+--------+--------+--------+--------+-----+--------+
         Total |  12845 |  12661 |    184 |   3838 |   6627 |  13 |  988.1 |
       Dungeon |  12845 |  12661 |    184 |   3838 |   6627 |  13 |  988.1 |
               +--------+--------+--------+--------+--------+-----+--------+

Top non-repeatable levels by time:
     D:8: 1838 daAuts
     D:9: 1519 daAuts
     D:5: 1461 daAuts
     D:6: 1344 daAuts
    D:10: 1251 daAuts
     D:2: 1091 daAuts
     D:4: 1018 daAuts
     D:1: 974 daAuts
    D:11: 665 daAuts
     D:3: 625 daAuts
     D:7: 624 daAuts
    D:13: 398 daAuts
    D:12: 33 daAuts
